 Dungeon Crawl Stone Soup version 0.22-a0-455-ga0624bf (webtiles) character file.

5788 KristoblXynda the Carver (level 10, -3/79 (80) HPs)
             Began as a Naga Gladiator on June 5, 2018.
             Was a Believer of Ashenzari.
             Slain by a gnoll sergeant
             ... wielding a +0 halberd
              (8 damage)
             ... in a bailey.
             The game lasted 00:24:26 (9328 turns).

KristoblXynda the Carver (Naga Gladiator)           Turns: 9328, Time: 00:24:26

HP:   -3/79 (80)    AC: 13    Str: 17    XL:     10   Next: 79%
MP:   13/13         EV:  5    Int: 11    God:    Ashenzari [**....]
Gold: 673           SH:  0    Dex: 13    Spells: 9/9 levels left

rFire    . . .     SeeInvis +   a - +1 long sword
rCold    . . .     Gourm    .   w - +0 buckler
rNeg     . . .     Faith    .   k - +0 ring mail
rPois    +         Spirit   .   c - +0 helmet
rElec    .         Reflect  .   E - +2 cloak (curse)
rCorr    +         Harm     .   (no gloves)
MR       +....                  (no barding)
Stlth    +++.......             x - amulet of regeneration (curse)
HPRegen  0.63/turn              e - +2 ring of protection
MPRegen  0.13/turn              y - ring of resist corrosion

@: held, very slow
A: large, see invisible, deformed body, poison resistance, slowness 2, slow
metabolism 1, spit poison 1, AC +3
a: Spit Poison, Curse Item, Scrying, Renounce Religion


You were in a bailey.
You worshipped Ashenzari.
Ashenzari was pleased with you.
You were hungry.

You visited 2 branches of the dungeon, and saw 11 of its levels.
You also visited: Bailey.

You collected 673 gold pieces.

Inventory:

Hand Weapons
 a - a +1 long sword (weapon)
Missiles
 d - 5 throwing nets (quivered)
 h - 3 javelins
Armour
 c - a +0 helmet (worn)
 k - a +0 ring mail (worn)
 w - a +0 buckler (worn)
 E - a cursed +2 cloak (worn)
Jewellery
 e - a +2 ring of protection (left hand)
 x - a cursed amulet of regeneration (around neck)
 y - a ring of resist corrosion (right hand)
Wands
 g - a wand of iceblast (13)
 p - a wand of clouds (3)
 A - a wand of disintegration (16)
 C - a wand of paralysis (12)
Scrolls
 b - 2 scrolls of immolation
 i - 7 scrolls of teleportation
 l - 2 scrolls of enchant weapon
 v - a scroll of magic mapping
 G - 2 scrolls of vulnerability
Potions
 j - a potion of resistance
 m - a potion of haste {unknown}
 n - a potion of cancellation
 o - 3 potions of curing
 q - 2 potions of brilliance
 r - a potion of magic {unknown}
 t - a potion of mutation {unknown}
 u - a potion of lignification {unknown}
 B - a potion of heal wounds
 F - a potion of flight {unknown}
Comestibles
 f - 14 rations
 s - 3 chunks of flesh


   Skills:
 - Level 2.0 Fighting
 + Level 10.3 Long Blades
 - Level 2.0 Throwing
 + Level 6.5 Armour
 - Level 5.4 Dodging
 + Level 8.0 Stealth
 + Level 0.9 Shields
 + Level 5.0 Evocations


You had 9 spell levels left.
You didn't know any spells.
Your spell library contained the following spells:

 Spells                   Type           Power        Failure   Level  Hunger
 Summon Small Mammal      Summ           #...         63%         1    ##.....
 Animate Dead             Necr           N/A          100%        4    #####..
 Pain                     Necr           #...         63%         1    ##.....
 Animate Skeleton         Necr           N/A          63%         1    ##.....
 Vampiric Draining        Necr           #.........   94%         3    ####...
 Regeneration             Chrm/Necr      #.........   94%         3    ####...
 Confusing Touch          Hex            #.....       63%         1    ##.....
 Call Canine Familiar     Summ           #.......     94%         3    ####...
 Summon Guardian Golem    Hex/Summ       #.......     94%         3    ####...


Dungeon Overview and Level Annotations

Branches:
Dungeon (10/15)            Temple (1/1) D:5            Lair (0/6) D:9
    Orc: D:9-12

Altars:
Ashenzari
Cheibriados
Dithmenos
Elyvilon
Fedhas
Gozag
Hepliaklqana
Kikubaaqudgha
Makhleb
Nemelex Xobeh
Okawaru
Qazlal
Ru
Sif Muna
Trog
Uskayaw
Vehumet
Wu Jian
Xom
Yredelemnul
Zin
The Shining One


Innate Abilities, Weirdness & Mutations

You cannot wear boots.
Your serpentine skin is tough. (AC +3)
You have supernaturally acute eyesight. (SInv)
Armour fits poorly on your strangely shaped body.
Your system is resistant to poisons. (rPois)
You cover ground very slowly.
You have a slow metabolism.
You can spit poison.


Message History

The gnoll shaman utters an invocation to its god.
The gnoll shaman is healed somewhat.
The gnoll sergeant hits you from afar with a halberd!
* * * LOW HITPOINT WARNING * * *
Sorry, you can't auto-travel out of here.
Unknown command.
Sorry, you can't auto-travel out of here.
Unknown command.
Evoke which item? (* to show all) (? for menu, Esc to quit)
Aiming: Iceblast
Press: ? - help, Shift-Dir - straight line, f/p - gnoll sergeant
Aim: a gnoll sergeant, wielding a halberd and wearing a chain mail (moderately wounded, fast)
The mass of ice explodes!
The iceblast engulfs the gnoll sergeant.
The gnoll sergeant is almost dead.
The iceblast engulfs the gnoll shaman.
You kill the gnoll shaman!
Your Stealth skill increases to level 8!
The gnoll sergeant hits you from afar with a halberd!
You die...

.# 8 ##...≈♣ .#, ,*
##..≈♣ .#,*, ,+ , ,
#..≈♣ .#, , #####,,
#..≈♣ .# +{,##...##
#..≈♣
.######.....###+##..≈♣
.'...#.......#......≈♣
.')))'...8..)'))....≈♣
.'...#.......#.)@...≈♣
.######.....###)##..≈♣
.#,+{,##...##)g).#..≈♣
.# *, #####.)...#..≈♣
.#,* { .......#..≈♣ .#
*, ........##..≈♣ .###
.....8.##...≈♣ ...#
*########...≈≈♣
≈≈≈≈≈≈≈≈≈≈≈≈≈≈≈≈≈≈≈≈♣♣


You could see a gnoll sergeant.

Vanquished Creatures
  A two-headed ogre (D:9)
  An unseen horror (D:10)
  A hippogriff (D:10)
  Prince Ribbit (D:7)
  A spriggan (D:8)
  A wraith (D:8)
  Edmund (D:4)
  4 ice beasts
  3 orc warriors
  2 sky beasts
  A phantom (D:7)
  A necrophage (D:9)
  3 ogres
  4 centaurs
  A big kobold (D:9)
  5 gnoll sergeants
  2 bullfrogs
  A wyvern skeleton (D:8)
  2 scorpions
  5 killer bees (D:5)
  2 howler monkeys
  A centaur zombie (D:9)
  3 crimson imps
  5 gnoll shamans
  2 orc priests (D:10)
  5 orc wizards
  7 hounds
  Crazy Yiuf (D:5)
  An iguana (D:4)
  Ijyb (D:3)
  5 worker ants
  A howler monkey zombie (D:8)
  Robin (D:3)
  20 gnolls
  12 adders
  A shadow imp (D:9)
  A white imp (D:4)
  An ooze (D:2)
  2 adder skeletons
  A dart slug (D:2)
  3 leopard geckos
  23 orcs
  5 giant cockroaches
  12 hobgoblins
  5 jackals
  11 kobolds
  4 quokkas
  13 bats
  5 frilled lizards
  17 goblins
  A jackal skeleton (D:8)
  2 leopard gecko skeletons (D:4)
  8 rats
  2 fungi (D:5)
225 creatures vanquished.

Vanquished Creatures (others)
  An orc (D:10)
1 creature vanquished.

Grand Total: 226 creatures vanquished

Notes
Turn   | Place    | Note
-------+----------+-------------------------------------------
     0 | D:1      | KristoblXynda the Naga Gladiator began the quest for the Orb.
     0 | D:1      | Reached XP level 1. HP: 19/19 MP: 1/1
   212 | D:1      | Reached XP level 2. HP: 23/26 MP: 2/2
   651 | D:1      | Reached XP level 3. HP: 32/32 MP: 3/3
  1020 | D:2      | Reached skill level 4 in Long Blades
  1020 | D:2      | Reached skill level 1 in Armour
  1020 | D:2      | Reached XP level 4. HP: 30/39 MP: 4/4
  1263 | D:2      | Found an iron altar of Okawaru.
  1265 | D:2      | Found a shattered altar of Ashenzari.
  1278 | D:2      | Became a worshipper of Ashenzari the Shackled
  1595 | D:3      | Noticed Robin
  1620 | D:3      | Reached XP level 5. HP: 16/45 MP: 5/5
  1641 | D:3      | Killed Robin
  1979 | D:3      | Noticed Ijyb
  2000 | D:3      | Killed Ijyb
  2292 | D:3      | Found a radiant altar of Vehumet.
  2394 | D:4      | Reached skill level 5 in Long Blades
  2394 | D:4      | Reached XP level 6. HP: 48/52 MP: 6/6
  2797 | D:4      | Noticed Edmund
  2854 | D:4      | Killed Edmund
  2854 | D:4      | Reached skill level 6 in Long Blades
  2854 | D:4      | Reached XP level 7. HP: 23/60 MP: 7/7
  3378 | D:5      | Entered Level 5 of the Dungeon
  3557 | D:5      | Noticed a fire elemental
  3560 | D:5      | Found a stormy altar of Qazlal.
  3576 | D:5      | Noticed a water elemental
  3580 | D:5      | Noticed an air elemental
  3657 | D:5      | Reached XP level 8. HP: 28/67 MP: 8/8
  3660 | D:5      | Reached skill level 7 in Long Blades
  3808 | D:5      | Found a staircase to the Ecumenical Temple.
  4128 | D:5      | Found a runed door.
  4132 | D:5      | Noticed Crazy Yiuf
  4139 | D:5      | Killed Crazy Yiuf
  4340 | Temple   | Entered the Ecumenical Temple
  4715 | D:6      | Reached * piety under Ashenzari
  4841 | D:6      | Reached skill level 8 in Long Blades
  4929 | D:6      | Reached skill level 5 in Dodging
  5491 | D:7      | Reached XP level 9. HP: 65/73 MP: 9/9
  6215 | D:8      | Reached skill level 9 in Long Blades
  6295 | D:8      | Reached skill level 1 in Stealth
  6374 | D:8      | Reached skill level 1 in Evocations
  6428 | D:8      | Reached skill level 5 in Armour
  6480 | D:8      | Noticed Prince Ribbit
  6747 | D:7      | Killed Prince Ribbit
  7669 | D:8      | Found a snail-covered altar of Cheibriados.
  7903 | D:9      | Reached skill level 5 in Stealth
  7913 | D:9      | Found a staircase to the Lair.
  7948 | D:9      | Identified Sif Muna's Tome of Curses and the Escort
  7969 | D:9      | Noticed a two-headed ogre
  7973 | D:9      | Killed a two-headed ogre
  7973 | D:9      | Reached XP level 10. HP: 80/80 MP: 12/12
  8254 | D:9      | Reached ** piety under Ashenzari
  8546 | D:10     | Entered Level 10 of the Dungeon
  8560 | D:10     | Reached skill level 10 in Long Blades
  8691 | D:10     | Found a flagged portal.
  8691 | D:10     | Noticed an unseen horror
  8704 | D:10     | Killed an unseen horror
  8712 | Bailey   | Entered a bailey
  9323 | Bailey   | Reached skill level 5 in Evocations
  9328 | Bailey   | Slain by a gnoll sergeant

Vault maps used:
D:1:      sevenhm_arrival_forest_fort_large_3, minivault_23
D:2:      chequers_temple_overflow_statue_of_worship
D:3:      fiery_altar_vehumet, uniq_robin, uniq_ijyb
D:4:      first_ration, minmay_fire_ice_demons, uniq_edmund
D:5:      nicolae_qazlal_style_of_elements, minmay_temple_entry_glass,
          uniq_crazy_yiuf_cottage
D:8:      kennysheep_mini, grunt_pizzeria, uniq_prince_ribbit1
D:9:      lair_entry_dummy
D:10:     erik_orc_2, enter_bailey_2, kennysheep_generic_room_8
Temple:   bh_familiar_temple
Bailey:   bailey_polearm_gnolls_kennysheep, bailey

Skill      XL: |  1  2  3  4  5  6  7  8  9 10 |
---------------+-------------------------------+-----
Throwing       | 2 |  2.0
Long Blades    | 4 5 6 8 9 10 | 10.3
Armour         | 1 2 3 4 5 6 |  6.5
Dodging        | 3 4 5 |  5.4
Stealth        | 6 8 |  8.0
Evocations     | 3 5 |  5.0
Fighting       | |  2.0
Shields        | |  0.9

Action                   |  1- 3 |  4- 6 |  7- 9 | 10-12 || total
-------------------------+-------+-------+-------+-------++-------
Melee: Long sword        |   103 |   226 |   457 |   220 ||  1006
Invok: Curse Item        |       |       |     2 |       ||     2
 Abil: Spit Poison       |     1 |     6 |    14 |     9 ||    30
Evoke: Wand              |       |     2 |    13 |    10 ||    25
  Use: Potion            |       |     3 |     7 |       ||    10
       Scroll            |       |     6 |     7 |     3 ||    16
 Stab: Paralysed         |       |       |     5 |       ||     5
       Sleeping          |       |       |       |     3 ||     3
  Eat: Chunk             |       |     3 |     5 |       ||     8
       Ration            |       |     1 |     3 |     1 ||     5
Armor: Leather armour    |     7 |       |       |       ||     7
       Ring mail         |    63 |   152 |   189 |   106 ||   510
Dodge: Dodged            |    98 |   172 |   281 |   160 ||   711
Block: Buckler           |       |       |       |    48 ||    48
       Rpst.: Long sword |    35 |    41 |    89 |    38 ||   203

Table legend:
 A = Spawn XP
 B = Non-spawn XP
 C = Spawn XP percentage of total XP
 D = Spawn monster count
 E = Non-spawn monster count
 F = Spawn count percentage of total count
 G = Total turns spent on level
                    A         B        C        D         E        F      G
               +---------+---------+-------+---------+---------+-------+---------
         Total |       0 |    8269 |   0.0 |       0 |     224 |   0.0 |  9328
               +---------+---------+-------+---------+---------+-------+---------
           D:1 |       0 |      35 |   0.0 |       0 |      22 |   0.0 |   776
           D:2 |       0 |     104 |   0.0 |       0 |      28 |   0.0 |   809
           D:3 |       0 |     104 |   0.0 |       0 |      32 |   0.0 |   738
           D:4 |       0 |     508 |   0.0 |       0 |      18 |   0.0 |  1055
           D:5 |       0 |     711 |   0.0 |       0 |      17 |   0.0 |   977
           D:6 |       0 |     818 |   0.0 |       0 |      25 |   0.0 |   859
           D:7 |       0 |     776 |   0.0 |       0 |       7 |   0.0 |  1078
           D:8 |       0 |    1500 |   0.0 |       0 |      24 |   0.0 |  1273
           D:9 |       0 |    1503 |   0.0 |       0 |      16 |   0.0 |   801
          D:10 |       0 |    1466 |   0.0 |       0 |      14 |   0.0 |   166
        Bailey |       0 |     744 |   0.0 |       0 |      21 |   0.0 |   616
               +---------+---------+-------+---------+---------+-------+---------
